 Dungeon Crawl Stone Soup version 0.21-a0-582-g1b93aee (webtiles) character file.

207 vishdafish the Poker (level 5, -2/38 HPs)
             Began as a Demonspawn Skald on Dec 19, 2017.
             Killed by divine providence
             ... invoked by an orc priest
              (13 damage)
             ... on level 3 of the Dungeon.
             The game lasted 00:07:20 (4376 turns).

vishdafish the Poker (Demonspawn Skald)             Turns: 4376, Time: 00:07:21

Health: -2/38      AC:  3    Str: 11    XL:     5   Next: 54%
Magic:  0/8        EV: 13    Int: 16    God:
Gold:   263        SH:  0    Dex: 12    Spells: 7/8 levels left

rFire    . . .     SeeInvis .   a - +0 spear
rCold    . . .     Gourm    .   (no shield)
rNeg     . . .     Faith    .   b - +0 leather armour
rPois    .         Spirit   .   (no helmet)
rElec    .         Reflect  .   (no cloak)
rCorr    .         Harm     .   (no gloves)
MR       .....                  (no boots)
Stlth    +.........             (no amulet)
HPRegen  0.12/turn              (no ring)
MPRegen  0.11/turn              (no ring)

@: infused (expiring)
A: sturdy frame 2
a: no special abilities


You were on level 3 of the Dungeon.
You were very hungry.

You visited 1 branch of the dungeon, and saw 3 of its levels.

You collected 263 gold pieces.

Inventory:

Hand Weapons
 a - a +0 spear (weapon)
Armour
 b - a +0 leather armour (worn)
Jewellery
 g - a +2 ring of dexterity {unknown}
Scrolls
 f - 2 scrolls of remove curse
 k - 2 scrolls of enchant armour {unknown}
 p - a scroll of immolation {unknown}
Potions
 e - 3 potions of haste
 h - 2 potions of might
 i - a potion of flight {unknown}
 l - a potion of brilliance {unknown}
 m - a potion of resistance {unknown}
 o - a potion of agility {unknown}
Books
 c - a book of Battle

   Spells                             Type                      Level
   a - Infusion                       Charms                       1
   b - Shroud of Golubria             Charms/Translocation         2
   c - Song of Slaying                Charms                       2
   d - Spectral Weapon                Hexes/Charms                 3
   e - Regeneration                   Charms/Necromancy            3
Comestibles
 d - 7 rations


   Skills:
 - Level 2.0 Fighting
 * Level 3.5 Polearms
 + Level 2.3 Armour
 + Level 2.8 Dodging
 - Level 2.0 Spellcasting
 + Level 3.4 Charms


You had 7 spell levels left.
You knew the following spells:

 Your Spells              Type           Power        Failure   Level  Hunger
a - Infusion              Chrm           ##..         4%          1    #......


Dungeon Overview and Level Annotations

Branches:
Dungeon (3/15)

Altars:
Elyvilon
Fedhas
Hepliaklqana
Makhleb
Xom

Annotations:
D:2 exclusion: oklob plant
D:3 2 transporters


Innate Abilities, Weirdness & Mutations

Your movements are less encumbered by armour. (ER -4)


Message History

The orc priest completely misses you.
You hit the orc priest.
The orc priest is severely wounded.
The orc priest invokes the aid of Beogh against you.
Beogh smites you!
* * * LOW HITPOINT WARNING * * *
You are too injured to fight recklessly!
You are too injured to fight recklessly!
You are too injured to fight recklessly!
You are too injured to fight recklessly!
You are too injured to fight recklessly!
You are too injured to fight recklessly!
You are too injured to fight recklessly!
You are too injured to fight recklessly!
You are too injured to fight recklessly!
You are too injured to fight recklessly!
You feel better.
The orc priest invokes the aid of Beogh against you.
Beogh smites you!
You die...

#.### #...# #.#.#
#.#.#########
#.#.##....#..
######.#.##.#.##.#
#....#.#.##.#..#.#
#....#.#.......#o#
#....#.######.<#@#
#....#.#....#..#)#
'......#.#..#..#.#
#......#....#..#.#
#......###..#..#.#
#......#.......#.#
#......#...#####.##
#####..#.#........#
#####..#.#.#####..#


You could see an orc priest.

Vanquished Creatures
  3 orc wizards
  An ooze (D:3)
  2 worms
  3 dart slugs
  6 leopard geckos
  10 orcs (D:3)
  5 giant cockroaches
  12 goblins
  8 hobgoblins
  6 jackals (D:3)
  5 kobolds
  A quokka (D:3)
  3 ball pythons
  10 bats
  6 frilled lizards
  9 rats
  A fungus (D:2)
  2 plants (D:2)
93 creatures vanquished.

Notes
Turn   | Place    | Note
-------+----------+-------------------------------------------
     0 | D:1      | vishdafish the Demonspawn Skald began the quest for the Orb.
     0 | D:1      | Reached XP level 1. HP: 16/16 MP: 3/3
    52 | D:1      | Reached skill level 1 in Armour
   220 | D:1      | Gained mutation: Your movements are slightly less encumbered by armour. (ER -2) [demonic ancestry]
   220 | D:1      | Reached XP level 2. HP: 20/22 MP: 5/5
  1043 | D:2      | Found a blossoming altar of Fedhas.
  1064 | D:2      | Noticed an oklob plant
  1117 | D:2      | Gained mutation: Your movements are less encumbered by armour. (ER -4) [demonic ancestry]
  1117 | D:2      | Reached XP level 3. HP: 23/27 MP: 6/6
  2242 | D:3      | Reached XP level 4. HP: 26/33 MP: 0/7
  2333 | D:3      | Found a burning altar of Makhleb.
  2336 | D:3      | Noticed a bullfrog
  2522 | D:3      | Found a transporter.
  2523 | D:3      | Found a transporter.
  2763 | D:3      | Found a white marble altar of Elyvilon.
  3306 | D:2      | Reached XP level 5. HP: 13/38 MP: 4/8
  3856 | D:3      | Found a shimmering altar of Xom.
  4086 | D:3      | Found a hazy altar of Hepliaklqana.
  4086 | D:3      | Noticed a hell beast
  4087 | D:3      | Noticed a hell beast
  4087 | D:3      | Noticed a spectral ugly thing
  4376 | D:3      | Killed from afar by an orc priest

Vault maps used:
D:1:      roderic_chinese_lattice_arrival, serial_park_tiny_2,
          minmay_misc_feat_columns, minmay_box_of_dots
D:2:      cheibrodos_greedy_goblins, tgw_fedhas, first_ration, serial_glass,
          glass_columns_a, glass_columns_b
D:3:      regret_index_temple_of_mockery, gammafunk_temple_overflow_arena,
          elyvilon_altar_5, uniq_jessica

Skill      XL: |  1  2  3  4 |
---------------+-------------+-----
Armour         | 1 2 |  2.3
Polearms       | 2 3 |  3.5
Dodging        | 2 |  2.8
Charms         | 3 |  3.4
Fighting       | |  2.0
Spellcasting   | |  2.0

Action                   |  1- 3 |  4- 6 || total
-------------------------+-------+-------++-------
Melee: Spear             |   390 |   173 ||   563
 Cast: Infusion          |    11 |     8 ||    19
  Use: Scroll            |       |     4 ||     4
       Potion            |       |     2 ||     2
 Stab: Sleeping          |     1 |       ||     1
  Eat: Chunk             |     5 |     6 ||    11
Armor: Leather armour    |    41 |    17 ||    58
Dodge: Dodged            |    95 |    75 ||   170

Table legend:
 A = Spawn XP
 B = Non-spawn XP
 C = Spawn XP percentage of total XP
 D = Spawn monster count
 E = Non-spawn monster count
 F = Spawn count percentage of total count
 G = Total turns spent on level
                    A         B        C        D         E        F      G
               +---------+---------+-------+---------+---------+-------+---------
         Total |       0 |     296 |   0.0 |       0 |      90 |   0.0 |  4376
               +---------+---------+-------+---------+---------+-------+---------
           D:1 |       0 |      34 |   0.0 |       0 |      21 |   0.0 |   842
           D:2 |       0 |     128 |   0.0 |       0 |      30 |   0.0 |  1943
           D:3 |       0 |     134 |   0.0 |       0 |      39 |   0.0 |  1591
               +---------+---------+-------+---------+---------+-------+---------
